 Dungeon Crawl Stone Soup version 0.29-a0-1039-gfc20370e89 (webtiles) character file.

Game seed: 2724116158148240604

5 BritishOli the Trooper (level 1, -2/18 HPs)
             Began as a Demonspawn Fighter on Aug 15, 2022.
             Slain by a jackal (3 damage)
             ... on level 1 of the Dungeon.
             The game lasted 00:00:09 (87 turns).

BritishOli the Trooper (Demonspawn Fighter)           Turns: 87, Time: 00:00:10

Health: -2/18      AC:  6    Str: 16    XL:     1   Next: 66%
Magic:  1/1        EV:  8    Int:  9    God:
Gold:   15         SH:  4    Dex: 12    Spells: 0/0 levels left

rFire   . . .      SeeInvis .   a - +0 long sword
rCold   . . .      Faith    .   c - +0 buckler
rNeg    . . .      Spirit   .   b - +0 scale mail
rPois   .          Reflect  .   (no helmet)
rElec   .          Harm     .   (no cloak)
rCorr   .          Rampage  .   (no gloves)
Will    .....                   (no boots)
Stlth   ..........              (no amulet)
HPRegen 0.06/turn               (no ring)
MPRegen 0.07/turn               (no ring)

@: no status effects
A: no striking features
a: no special abilities


You were on level 1 of the Dungeon.
You visited 1 branch of the dungeon, and saw 1 of its levels.

You collected 15 gold pieces.

Inventory:

Hand Weapons
 a - a +0 long sword (weapon)
Armour
 b - a +0 scale mail (worn)
 c - a +0 buckler (worn)
Scrolls
 e - a scroll of immolation {unknown}
 f - a scroll of teleportation {unknown}
Potions
 d - a potion of might


   Skills:
 + Level 3.1 Fighting
 + Level 1.9 Long Blades
 + Level 2.8 Armour
 + Level 2.8 Shields


You couldn't memorise any spells.
You didn't know any spells.
Your spell library was empty.

Dungeon Overview and Level Annotations

Branches:
Dungeon (1/15)

Altars:


Message History

There are monsters nearby!
You closely miss the quokka. The goblin hits you but does no damage.
The quokka bites you.
There are monsters nearby!
You closely miss the quokka. The quokka bites you.
The goblin hits you with a +0 club. You block the quokka's attack.
The goblin hits you but does no damage.
There are monsters nearby!
You closely miss the quokka. The quokka bites you.
The goblin barely misses you. You block the quokka's attack.
There are monsters nearby!
You miss the quokka. The goblin hits you with a +0 club.
The quokka bites you but does no damage.
There are monsters nearby!
You are too injured to fight recklessly!
The goblin hits you but does no damage.
The jackal bites you but does no damage.
The quokka bites you but does no damage.
The jackal closely misses you.
You see here 10 gold pieces.
The jackal attacks as you move away!
The jackal bites you but does no damage.
The jackal bites you. The quokka attacks as you move away!
The quokka bites you.
* * * LOW HITPOINT WARNING * * *
The quokka attacks as you move away! The quokka bites you.
* * * LOW HITPOINT WARNING * * *
The quokka bites you but does no damage.
The quokka attacks as you move away! You block the quokka's attack.
The jackal attacks as you move away!
The jackal bites you but does no damage.
The jackal attacks as you move away! The jackal misses you.
You block the jackal's attack.
You closely miss the jackal. The jackal completely misses you.
The jackal barely misses you.
The quokka twitches its whiskers.
You hit the jackal.
The jackal is severely wounded.
The jackal bites you.
You die...

.#.# #.#.#
..>.......######
#.#.#?#.#......###
................
#.#.#.#...# #.#
.........# #@# .
#.#.#.#.#...#
#h#######.#
......†...$.###gr.......
#.#.#.#.#..lg..l.....##
.. ####...........# ##
#...........#
########..### ##.## #.†#


You could see a quokka, a jackal, a goblin and a frilled lizard.

Vanquished Creatures
  A dart slug (D:1)
  An endoplasm (D:1)
  A giant cockroach (D:1)
3 creatures vanquished.

Notes
Turn   | Place    | Note
-------+----------+-------------------------------------------
     0 | D:1      | BritishOli the Demonspawn Fighter began the quest for the
                  | Orb.
     0 | D:1      | Reached XP level 1. HP: 18/18 MP: 1/1
    87 | D:1      | Slain by a jackal

Illustrated notes

Levels and vault maps discovered:
D:1:      noname_arrival_rooms_in_the_neighbourhood, layout_basic, st_stairs_9

Action                   || total
-------------------------++-------
Melee: Long sword        ||    14
Armor: Scale mail        ||    15
Dodge: Dodged            ||     8
Block: Buckler           ||     5

Table legend: (Time is in decaauts)
 A = Elapsed time spent in this place.
 B = Non-inter-level travel time spent in this place.
 C = Inter-level travel time spent in this place.
 D = Time resting spent in this place.
 E = Time spent auto-exploring this place.
 F = Levels seen in this place.
 G = Mean time per level.
                   A        B        C        D        E       F      G
               +--------+--------+--------+--------+--------+-----+--------+
         Total |     91 |     91 |      0 |      0 |     50 |   1 |   91.0 |
       Dungeon |     91 |     91 |      0 |      0 |     50 |   1 |   91.0 |
               +--------+--------+--------+--------+--------+-----+--------+

Top non-repeatable levels by time:
     D:1: 91 daAuts
